 Dungeon Crawl Stone Soup version 0.20-a0-1109-ge3cd172 (webtiles) character file.

49 Monsterracer the Digger (level 3, -1/19 HPs)
             Began as a Gargoyle Earth Elementalist on May 5, 2017.
             Slain by a bullfrog (6 damage)
             ... on level 1 of the Dungeon.
             The game lasted 00:02:42 (1959 turns).

Monsterracer the Digger (GrEE)                      Turns: 1959, Time: 00:02:42

Health: -1/19      AC:  5    Str: 11    XL:     3   Next: 75%
Magic:  0/6        EV: 12    Int: 16    God:
Gold:   17         SH:  0    Dex: 10    Spells: 3/7 levels left

rFire    . . .     SeeInvis .   i - +0 mace
rCold    . . .     Gourm    .   (no shield)
rNeg     + . .     Faith    .   c - +0 robe
rPois    ∞         Spirit   .   (no helmet)
rElec    +         Reflect  .   (no cloak)
rCorr    .         Harm     .   (no gloves)
MR       .....                  (no boots)
Stlth    ++........             (no amulet)
Regen    0.1/turn               (no ring)
MPRegen  0.1/turn               (no ring)

@: very slightly contaminated
A: negative energy resistance 1, electricity resistance, unbreathing,
petrification resistance, rot immunity, AC +3
a: no special abilities


You were on level 1 of the Dungeon.
You were near starving.

You visited 1 branch of the dungeon, and saw 1 of its levels.

You collected 17 gold pieces.

Inventory:

Hand Weapons
 i - a +0 mace (weapon)
Missiles
 b - 55 stones (quivered)
Armour
 c - a +0 robe (worn)
Scrolls
 g - 2 scrolls of remove curse {unknown}
 h - a scroll of identify {unknown}
 j - a scroll of amnesia {unknown}
 k - a scroll of fear {unknown}
Books
 e - a book of Geomancy

   Spells                             Type                      Level
   a - Sandblast                      Earth                        1
   b - Passwall                       Transmutation/Earth          2
   c - Stone Arrow                    Conjuration/Earth            3
   d - Petrify                        Transmutation/Earth          4
   e - Lee's Rapid Deconstruction     Earth                        5
Comestibles
 a - 3 royal jellies
 d - a bread ration
 f - 2 fruits
 l - 2 meat rations


   Skills:
 - Level 1.5 Dodging
 - Level 2.1 Stealth
 + Level 2.6 Spellcasting
 + Level 0.0 Conjurations
   Level 0.7 Transmutations
 * Level 5.0 Earth Magic


You had 3 spell levels left.
You knew the following spells:

 Your Spells              Type           Power        Failure   Level  Hunger
a - Sandblast             Erth           ###...       2%          1    #......
b - Stone Arrow           Conj/Erth      ##....       21%         3    ###....


Dungeon Overview and Level Annotations

Branches:
Dungeon (1/15)

Altars:


Innate Abilities, Weirdness & Mutations

You are resistant to torment.
Your stone body is resilient. (AC +3)
You are immune to poison.
You resist negative energy. (rN+)
You are resistant to electric shocks. (rElec)
You can survive without breathing.
You are immune to petrification.
You are immune to rotting.


Message History

Confirm with . or Enter, or press ? or * to list all spells.
Aiming: Stone Arrow
Press: ? - help, Shift-Dir - straight line, f/p - bullfrog
Aim: a bullfrog The stone arrow hits the bullfrog.
The bullfrog is almost dead.
The bullfrog hits you but does no damage.
You hit the bullfrog but do no damage.
The bullfrog is almost dead.
The bullfrog hits you.
The bullfrog hits you but does no damage.
You closely miss the bullfrog.
The bullfrog is almost dead.
The bullfrog hits you! The bullfrog closely misses you.
You closely miss the bullfrog.
The bullfrog is almost dead.
The bullfrog hits you. x2
* * * LOW HITPOINT WARNING * * *
The bullfrog hits you.
You die...

#.# #........###.# #.#....#..#
###.############....###.#.....##[
.......#.....)..........#.....##)
.......#.#####..........#...)#."#
.......######.#..........#..#....
................####.....#.#.....
.......######.##########..#......
##............##...........##....
##.##########.##@#######.....####
##.# #.##F...>............ ##.#
#######.#######........ ##.#
#.............#####...# ##.#
.......)..........##### ...#
................⌠. # ..##
..⌠.........⌠..... # ..#
.................. # ..#
.......<.......... #


You could see a bullfrog.

Vanquished Creatures
  3 oozes (D:1)
  2 dart slugs (D:1)
  2 giant cockroaches (D:1)
  3 goblins (D:1)
  4 hobgoblins (D:1)
  7 kobolds (D:1)
  5 bats (D:1)
  2 frilled lizards (D:1)
  A rat (D:1)
29 creatures vanquished.

Notes
Turn   | Place    | Note
-------+----------+-------------------------------------------
     0 | D:1      | Monsterracer the Gargoyle Earth Elementalist began the quest for the Orb.
     0 | D:1      | Reached XP level 1. HP: 10/10 MP: 3/3
    48 | D:1      | Reached skill level 4 in Earth Magic
    48 | D:1      | Reached XP level 2. HP: 3/15 MP: 0/5
   792 | D:1      | Reached XP level 3. HP: 16/19 MP: 6/6
   797 | D:1      | Learned a level 3 spell: Stone Arrow
  1572 | D:1      | Reached skill level 5 in Earth Magic
  1849 | D:1      | Noticed a bullfrog
  1959 | D:1      | Slain by a bullfrog

Vault maps used:
D:1:      dpeg_arrival_water_temple_mockup, serial_co_window_serial,
          co_window_of_opportunity_a, co_window_paths_b, co_window_paths_a,
          co_window_paths_a, co_window_paths_a, co_window_unsneaky_path_a,
          co_window_broadway_c, co_window_broadway_c, glass_columns_b,
          glass_columns_b, glass_columns_a, glass_columns_a, minmay_circled_x

Skill      XL: |  1  2  3 |
---------------+----------+-----
Earth Magic    | 4 5 |  5.0
Dodging        | |  1.5
Stealth        | |  2.1
Spellcasting   | |  2.6
Transmutations | |  0.7

Action                   || total
-------------------------++-------
Melee: Unarmed           ||    19
       Mace              ||    61
 Cast: Sandblast         ||    20
       Stone Arrow       ||     1
  Use: Potion            ||     1
 Stab: Sleeping          ||     1
  Eat: Chunk             ||     2
Armor: Robe              ||    43
Dodge: Dodged            ||    61
